 Dungeon Crawl Stone Soup version 0.28.0-45-g0d030f2227 (webtiles) character file.

Game seed: 1389192007058526430

1432 MisterFreud the Covert (level 8, -1/60 HPs)
             Began as a Gnoll Delver on May 17, 2022.
             Was a Follower of Hepliaklqana.
             Slain by an orc warrior
             ... wielding a +4 flail
              (12 damage)
             ... on level 6 of the Dungeon.
             The game lasted 00:11:18 (6737 turns).

MisterFreud the Covert (Gnoll Delver)               Turns: 6737, Time: 00:11:19

Health: -1/60      AC:  4    Str: 12    XL:     8   Next: 73%
Magic:  13/13      EV: 14    Int: 11    God:    Hepliaklqana [*.....]
Gold:   123        SH:  0    Dex: 14    Spells: 14/14 levels left

rFire   . . .      SeeInvis .   n - +2 short sword (elec)
rCold   . . .      Faith    .   (no shield)
rNeg    . . .      Spirit   .   b - +0 leather armour
rPois   .          Reflect  .   y - +0 helmet
rElec   .          Harm     .   (no cloak)
rCorr   .          Rampage  .   (no gloves)
Will    .....                   (no boots)
Stlth   ++++......              i - amulet of magic regeneration
HPRegen 0.20/turn               (no ring)
MPRegen 0.53/turn               (no ring)

@: no status effects
A: reduced essence, fangs 1, strong nose, distributed training
a: Renounce Religion, Recall Ancestor, Ancestor Identity


You were on level 6 of the Dungeon.
You worshipped Hepliaklqana.
Hepliaklqana was aware of your devotion.
You visited 1 branch of the dungeon, and saw 6 of its levels.
You visited the Abyss 1 time.

You collected 284 gold pieces.
You spent 161 gold pieces at shops.

Inventory:

Hand Weapons
 a - a +0 short sword
 n - a +2 short sword of electrocution (weapon)
 v - the +3 dagger "Nimuehex" {speed, Fragile rF+ Int+3 Dex+8}
   (You found it on level 3 of the Dungeon)

   Attacks with this weapon are significantly faster.
   Int:       It affects your intelligence (+3).
   Dex:       It affects your dexterity (+8).
   rF:        It protects you from fire.
   Fragile:   It will be destroyed if unequipped.
Missiles
 w - 7 poisoned darts (quivered)
 x - 2 boomerangs
 z - 4 datura-tipped darts
Armour
 b - a +0 leather armour (worn)
 y - a +0 helmet (worn)
Jewellery
 i - an amulet of magic regeneration (around neck)
Wands
 g - a wand of digging (7)
 u - a wand of polymorph (2)
 A - a wand of mindburst (14)
Scrolls
 c - 2 scrolls of fog
 d - 2 scrolls of magic mapping
 e - 4 scrolls of fear
 h - a scroll of amnesia {unknown}
 k - 3 scrolls of teleportation
 l - a scroll of enchant armour {unknown}
 m - 3 scrolls of torment {unknown}
 o - a scroll of immolation {unknown}
 C - a scroll of noise {unknown}
Potions
 f - a potion of haste
 j - 6 potions of curing
 p - a potion of magic
 q - a potion of attraction
 r - a potion of berserk rage
 s - a potion of resistance
 t - a potion of heal wounds {unknown}
 B - 2 potions of might


   Skills:
 + Level 7.5 Fighting
 + Level 5.8 Short Blades
 + Level 3.5 Long Blades
 + Level 3.5 Axes
 + Level 3.5 Maces & Flails
 + Level 3.5 Polearms
 + Level 3.5 Staves
 + Level 3.5 Slings
 + Level 3.5 Bows
 + Level 3.5 Crossbows
 + Level 3.5 Throwing
 + Level 3.5 Armour
 + Level 5.8 Dodging
 + Level 10.2 Stealth
 + Level 3.5 Shields
 + Level 3.5 Unarmed Combat
 + Level 3.5 Spellcasting
 + Level 2.9 Conjurations
 + Level 2.9 Hexes
 + Level 2.9 Summonings
 + Level 2.9 Necromancy
 + Level 2.9 Translocations
 + Level 2.9 Transmutations
 + Level 2.9 Fire Magic
 + Level 2.9 Ice Magic
 + Level 2.9 Air Magic
 + Level 2.9 Earth Magic
 + Level 2.9 Poison Magic
 + Level 3.9 Invocations
 + Level 3.5 Evocations


You had 14 spell levels left.
You didn't know any spells.
Your spell library contained the following spells:

 Spells                   Type           Power      Damage    Failure   Level
 Apportation              Tloc           16%        N/A       10%         1
 Ignite Poison            Fire/Tmut/Pois 8%         N/A       28%         3
 Mephitic Cloud           Conj/Pois/Air  8%         N/A       28%         3
 Alistair's Intoxication  Tmut/Pois      5%         N/A       95%         5
 Freezing Cloud           Conj/Ice/Air   4%         6-21      95%         5


Dungeon Overview and Level Annotations

Branches:
Dungeon (6/15)
 Temple: D:4-7

Altars:
Hepliaklqana
Sif Muna

Shops:
D:4 *   D:6 !

Annotations:
D:5 Dowan, Duvessa


Innate Abilities, Weirdness & Mutations

Your life essence is reduced to manifest your ancestor. (-10% HP)
You have very sharp teeth.
Your uncanny sense of smell can sniff out nearby items.
Your experience applies equally to all skills.


Message History

You bite the orc warrior, but do no damage.
The orc warrior is severely wounded.
Impisi hits the orc warrior.
You hit the orc warrior but do no damage.
The orc warrior is severely wounded.
The orc warrior hits you with a +4 flail!
You barely miss the orc warrior.
You bite the orc warrior, but do no damage.
The orc warrior is severely wounded.
The orc warrior blocks Impisi's attack.
The orc warrior barely misses Impisi.
You barely miss the orc warrior.
The orc warrior is severely wounded.
The orc warrior blocks Impisi's attack.
The orc warrior hits Impisi with a +4 flail!
Impisi is destroyed!
You hit the orc warrior.
You bite the orc warrior, but do no damage.
The orc warrior is severely wounded.
The orc warrior misses you. The orc warrior blocks your attack.
Your bite misses the orc warrior.
The orc warrior is severely wounded.
You hit the orc warrior but do no damage.
Your bite misses the orc warrior.
The orc warrior is severely wounded.
The orc warrior misses you.
You hit the orc warrior but do no damage.
The orc warrior is severely wounded.
The orc warrior hits you with a +4 flail!!
The orc warrior blocks your attack.
Your bite misses the orc warrior.
The orc warrior is severely wounded.
The orc warrior hits you with a +4 flail!!
* * * LOW HITPOINT WARNING * * *
You closely miss the orc warrior.
The orc warrior is severely wounded.
The orc warrior barely misses you.
You completely miss the orc warrior.
The orc warrior is severely wounded.
You feel better.
The orc warrior hits you with a +4 flail!
You die...

#..# #.....##....... ##.##
######....##....... #.<#
#...##.....##...... ##.##
#.8.##.....##...... #..#
#...##.....###.#..# ####.##
#####...#####.)##....## .....#
#...........#..##...... ....##
#._§..#o§._.####..####. .....#
#...§§@§§...###..## ##
.....##########§§§######..##
.>##......... #§§§# ##..#
.###......... #§§§# ##...## ##
#..........#§§§# ##.....# #
#..........#§§§# #......##
#..........#§§§###.......##
##.........##§§§##.........#
###..........#§§§§§#R#.......##


You could see an orc warrior.

Vanquished Creatures
  Sigmund (D:2)
  A fire bat (Abyss:1)
  A water moccasin (D:6)
  An ice beast (D:6)
  2 black bears
  An ogre (D:6)
  A necrophage (D:5)
  A centaur (D:6)
  Blork the orc (D:5)
  A water moccasin skeleton (D:5)
  A vampire bat (Abyss:1)
  A centaur zombie (D:6)
  A centaur skeleton (D:5)
  A bullfrog skeleton (D:4)
  2 iguanas (D:6)
  Ijyb (D:5)
  Natasha (thrice) (D:2)
  2 orc wizards (D:4)
  A hound skeleton (D:4)
  A howler monkey skeleton (D:6)
  2 adders
  5 gnolls
  5 worms
  2 dart slugs (D:3)
  11 orcs
  4 bats
  3 endoplasms (D:4)
  2 giant cockroaches
  11 goblins
  7 hobgoblins
  6 jackals (D:2)
  2 quokkas (D:2)
  16 ball pythons
  4 frilled lizards
  7 kobolds
  5 rats
  A butterfly (Abyss:1)
118 creatures vanquished.

Vanquished Creatures (collateral kills)
  An orc wizard (D:6)
  3 gnolls
4 creatures vanquished.

Vanquished Creatures (others)
  An ancestor (D:6)
  4 toadstools (D:1)
5 creatures vanquished.

Grand Total: 127 creatures vanquished

Notes
Turn   | Place    | Note
-------+----------+-------------------------------------------
     0 | D:5      | Reached skill level 9 in Stealth
     0 | D:5      | MisterFreud the Gnoll Delver began the quest for the Orb.
     0 | D:5      | Reached XP level 1. HP: 23/23 MP: 1/1
    10 | D:5      | Noticed Ijyb
    12 | D:5      | Noticed a necrophage
    36 | D:4      | Reached XP level 2. HP: 29/29 MP: 2/2
    36 | D:4      | Reached XP level 3. HP: 35/35 MP: 3/3
   280 | D:3      | Found a shimmering blue altar of Sif Muna.
   396 | D:3      | Reached skill level 1 in Invocations
   445 | D:2      | Reached skill level 1 in Long Blades
   445 | D:2      | Reached skill level 1 in Axes
   445 | D:2      | Reached skill level 1 in Maces & Flails
   445 | D:2      | Reached skill level 1 in Polearms
   445 | D:2      | Reached skill level 1 in Staves
   445 | D:2      | Reached skill level 1 in Slings
   445 | D:2      | Reached skill level 1 in Bows
   445 | D:2      | Reached skill level 1 in Crossbows
   445 | D:2      | Reached skill level 1 in Throwing
   445 | D:2      | Reached skill level 1 in Armour
   445 | D:2      | Reached skill level 1 in Shields
   445 | D:2      | Reached skill level 1 in Unarmed Combat
   445 | D:2      | Reached skill level 1 in Spellcasting
   445 | D:2      | Reached skill level 1 in Evocations
   511 | D:2      | Noticed Natasha
   519 | D:2      | Killed Natasha
   520 | D:2      | Reached XP level 4. HP: 41/41 MP: 5/5
   841 | D:1      | Reached skill level 1 in Conjurations
   841 | D:1      | Reached skill level 1 in Hexes
   841 | D:1      | Reached skill level 1 in Summonings
   841 | D:1      | Reached skill level 1 in Necromancy
   841 | D:1      | Reached skill level 1 in Translocations
   841 | D:1      | Reached skill level 1 in Transmutations
   841 | D:1      | Reached skill level 1 in Fire Magic
   841 | D:1      | Reached skill level 1 in Ice Magic
   841 | D:1      | Reached skill level 1 in Air Magic
   841 | D:1      | Reached skill level 1 in Earth Magic
   841 | D:1      | Reached skill level 1 in Poison Magic
  1537 | D:2      | Noticed Sigmund
  1538 | D:2      | Killed Sigmund
  1539 | D:2      | Reached XP level 5. HP: 47/47 MP: 5/7
  1539 | D:2      | Reached XP level 6. HP: 53/53 MP: 5/8
  1540 | D:2      | Noticed Natasha
  1551 | D:2      | Killed Natasha
  1666 | D:2      | Noticed Natasha
  1675 | D:2      | Killed Natasha
  1676 | D:2      | Reached skill level 5 in Short Blades
  1676 | D:2      | Reached skill level 5 in Dodging
  2168 | D:2      | Found a faded altar of an unknown god.
  2389 | D:3      | Cast into level 1 of the Abyss (gnoll)
  2410 | Abyss:1  | Noticed a large abomination
  2417 | Abyss:1  | Found a hazy altar of Hepliaklqana.
  2424 | Abyss:1  | Became a worshipper of Hepliaklqana the Forgotten
  2434 | Abyss:1  | Noticed a ynoxinul
  2445 | Abyss:1  | Noticed a wraith
  2454 | Abyss:1  | Noticed an ancient zyme
  2456 | Abyss:1  | Noticed a large abomination
  2467 | Abyss:1  | Noticed a smoke demon
  2477 | Abyss:1  | Noticed a sixfirhy
  2486 | Abyss:1  | Noticed a chaos spawn
  2504 | Abyss:1  | Noticed an ancient zyme
  2507 | Abyss:1  | Noticed a thrashing horror
  2515 | Abyss:1  | Noticed a fire bat
  2519 | Abyss:1  | Killed a fire bat
  2522 | D:3      | Escaped the Abyss
  2812 | D:4      | Found Ysek's General Store.
  2826 | D:4      | Bought a potion of curing for 36 gold pieces
  2826 | D:4      | Bought a potion of berserk rage for 60 gold pieces
  3239 | D:3      | Reached XP level 7. HP: 59/59 MP: 10/10
  3657 | D:5      | Noticed Dowan
  3659 | D:5      | Noticed Duvessa
  3731 | D:5      | Killed Ijyb
  4154 | D:5      | HP: 1/60 [Duvessa/+0 short sword (8)]
  4500 | D:5      | Reached * piety under Hepliaklqana
  4719 | D:3      | Reached skill level 10 in Stealth
  4724 | D:3      | Identified the +3 dagger "Nimuehex" {speed, Fragile rF+
                  | Int+3 Dex+8}
  5077 | D:5      | Noticed Blork the orc
  5090 | D:5      | Killed Blork the orc
  5336 | D:5      | Reached XP level 8. HP: 60/60 MP: 12/12
  6087 | D:6      | Found Fiuzud's Distillery.
  6337 | D:6      | Bought a potion of might for 52 gold pieces
  6337 | D:6      | Bought a potion of degeneration for 13 gold pieces
  6714 | D:6      | Found a faded altar of an unknown god.
  6716 | D:6      | Found a hazy altar of Hepliaklqana.
  6737 | D:6      | Slain by an orc warrior

Illustrated notes

Levels and vault maps discovered:
D:1:      ldierk_water_garden, layout_basic
D:2:      layout_loops_ring, chequers_ecumenical_altar_grove, uniq_sigmund,
          uniq_natasha
D:3:      minmay_razor_zed, layout_rooms, lemuel_coloured_pillars_altar
D:4:      black_bear_nest_1, layout_basic, serial_shops, shop_statue
D:5:      layout_basic, uniq_duvessa, uniq_blork_the_orc, uniq_ijyb
D:6:      layout_cave_pods, beargit_hepliaklqana_dungeon_heroes, serial_shops,
          nicolae_shop_hallway_plus, lightli_ossuary_entry_decrepit_ruins

Skill      XL: |  1  2  3  4  5  6  7  8 |
---------------+-------------------------+-----
Stealth        | 10 | 10.2
Invocations    | 1 2 3 |  3.9
Long Blades    | 1 2 3 |  3.5
Axes           | 1 2 3 |  3.5
Maces & Flails | 1 2 3 |  3.5
Polearms       | 1 2 3 |  3.5
Staves         | 1 2 3 |  3.5
Slings         | 1 2 3 |  3.5
Bows           | 1 2 3 |  3.5
Crossbows      | 1 2 3 |  3.5
Throwing       | 1 2 3 |  3.5
Armour         | 1 2 3 |  3.5
Shields        | 1 2 3 |  3.5
Unarmed Combat | 1 2 3 |  3.5
Spellcasting   | 1 2 3 |  3.5
Evocations     | 1 2 3 |  3.5
Conjurations   | 1 2 |  2.9
Hexes          | 1 2 |  2.9
Summonings     | 1 2 |  2.9
Necromancy     | 1 2 |  2.9
Translocations | 1 2 |  2.9
Transmutations | 1 2 |  2.9
Fire Magic     | 1 2 |  2.9
Ice Magic      | 1 2 |  2.9
Air Magic      | 1 2 |  2.9
Earth Magic    | 1 2 |  2.9
Poison Magic   | 1 2 |  2.9
Short Blades   | 5 |  5.8
Dodging        | 5 |  5.8
Fighting       | 7 |  7.5

Action                   |  1- 3 |  4- 6 |  7- 9 || total
-------------------------+-------+-------+-------++-------
Melee: Short sword       |    50 |   140 |   144 ||   334
       Bite              |     5 |     9 |    28 ||    42
       Punch             |       |     1 |     4 ||     5
Invok: Recall Ancestor   |       |       |     1 ||     1
  Use: Scroll            |       |       |     4 ||     4
       Potion            |       |       |     2 ||     2
 Stab: Sleeping          |     6 |    29 |     8 ||    43
       Distracted        |       |     4 |     1 ||     5
Armor: Leather armour    |     7 |    25 |    15 ||    47
Dodge: Dodged            |    23 |    78 |    89 ||   190
